 Dungeon Crawl Stone Soup version 0.28-a0-10-g964c8b829e (webtiles) character file.

Game seed: 9872842627486119654

69 nicksoapdish the Insei (level 4, 0/31 HPs)
             Began as an Octopode Monk on July 25, 2021.
             Was a Priest of Cheibriados.
             Slain by Crazy Yiuf (19 damage)
             ... on level 2 of the Dungeon.
             The game lasted 00:07:17 (801 turns).

nicksoapdish the Insei (Octopode Monk)               Turns: 801, Time: 00:07:18

Health: 0/31       AC:  1    Str: 15 (18) XL:     4   Next: 20%
Magic:  4/4        EV: 14    Int: 17 (18) God:    Cheibriados [***...]
Gold:   54         SH:  7    Dex: 22 (23) Spells: 3/3 levels left

rFire   + . .      SeeInvis .     - Unarmed
rCold   . . .      Faith    .   d - +3 buckler of Colaleipt {rF+ Regen+ Int-2}
rNeg    . . .      Spirit   .   (helmet restricted)
rPois   .          Reflect  .   (no amulet)
rElec   .          Harm     .   (no ring)
rCorr   .          Rampage  .   (no ring)
Will    .....                   (no ring)
Stlth   ++++......              (no ring)
HPRegen 1.10/turn               (no ring)
MPRegen 0.09/turn               (no ring)
                                (no ring)
                                (no ring)

@: very slow
A: almost no armour, amphibious, 8 rings, camouflage 1, gelatinous body 1,
(nimble swimmer 1), tentacles
a: Renounce Religion, Bend Time, Temporal Distortion


You were on level 2 of the Dungeon.
You worshipped Cheibriados.
Cheibriados was most pleased with you.
You visited 1 branch of the dungeon, and saw 2 of its levels.

You collected 54 gold pieces.

Inventory:

Hand Weapons
 b - a +1 hunting sling
 c - a +0 dagger
Missiles
 a - 17 arrows
Armour
 d - the +3 buckler of Colaleipt (worn) {rF+ Regen+ Int-2}
   (You acquired it on level 1 of the Dungeon)

   Int:       It affects your intelligence (-2).
   rF:        It protects you from fire.
   Regen:     It increases your rate of health regeneration.


   Skills:
 + Level 3.4 Fighting
 + Level 3.5 Dodging
 + Level 3.6 Stealth
 + Level 0.1 Shields
 + Level 3.8 Unarmed Combat


You had 3 spell levels left.
You didn't know any spells.
Your spell library contained the following spells:

 Spells                   Type           Power      Damage    Failure   Level
 Corona                   Hex            0%         N/A       36%         1
 Freeze                   Ice            0%         1d3       36%         1
 Ensorcelled Hibernation  Hex/Ice        0%         N/A       50%         2
 Frozen Ramparts          Ice            0%         1d2       75%         3
 Portal Projectile        Hex/Tloc       0%         N/A       75%         3
 Tukima's Dance           Hex            0%         N/A       75%         3
 Hailstorm                Conj/Ice       0%         3d3       98%         4
 Blade Hands              Tmut           0%         N/A       100%        5
 Excruciating Wounds      Necr           0%         N/A       100%        5


Dungeon Overview and Level Annotations

Branches:
Dungeon (2/15)

Altars:
Cheibriados

Shops:
D:1 [

Annotations:
D:2 Crazy Yiuf


Innate Abilities, Weirdness & Mutations

You cannot wear most types of armour.
You are amphibious.
You can wear up to eight rings at the same time.
Your skin changes colour to match your surroundings (Stealth+).
Your rubbery body absorbs attacks. (AC +1, EV +1)
((You are camouflaged near water. (Stealth+)))
You have tentacles for arms and can constrict up to eight enemies at once.


Message History

Found a pair of boots.
A kobold comes into view. It is wielding a +0 whip.
The helpless kobold fails to defend itself.
You tentacle-slap the kobold.
You kill the kobold!
Cheibriados appreciates the change of pace.
You see here a +0 whip.
A kobold comes into view. It is wielding a +0 club.
The helpless kobold fails to defend itself.
You tentacle-slap the kobold. You grab the kobold. You squeeze the kobold.
You kill the kobold!
Cheibriados appreciates the change of pace.
You see here a +0 club.
A kobold comes into view. It is wielding a +0 whip.
The helpless kobold fails to defend itself.
You tentacle-slap the kobold. Your grab misses the kobold.
Your squeeze misses the kobold.
The kobold is moderately wounded.
The kobold misses you.
You tentacle-slap the kobold.
You kill the kobold!
Cheibriados appreciates the change of pace.
Things that are here:
a +0 whip; a kobold corpse
Found a mace.
Found a runed translucent door.
Crazy Yiuf shouts!
You open the door. You completely miss Crazy Yiuf. You grab Crazy Yiuf.
You squeeze Crazy Yiuf.
Crazy Yiuf is lightly wounded.
You constrict Crazy Yiuf, but do no damage.
Crazy Yiuf barely misses you.
You tentacle-slap Crazy Yiuf but do no damage.
You tentacle-slap Crazy Yiuf, but do no damage.
Crazy Yiuf is lightly wounded.
You constrict Crazy Yiuf.
Crazy Yiuf whimpers, "Iron Xom illywillydillykilly!"
Crazy Yiuf hits you with a +4 quarterstaff of chaos!
You are electrocuted!!
Ouch! That really hurt!
You die...

#.# #.# #.#
##### # #.#
#)..#
#.#######.#
#...#
.........
...
.....##.#
#g#
####.##.#
#@## #....#
##.# #.####
#.##
#######<...#
##.#
#.........#.
##.##
##########.#
##P..# .#
#PP..# #
#....#
##..##


You could see Crazy Yiuf.

Vanquished Creatures
  Natasha (D:2)
  A dart slug (D:1)
  4 ball pythons
  4 endoplasms (D:1)
  A giant cockroach (D:1)
  3 goblins
  4 jackals (D:2)
  2 quokkas (D:1)
  4 bats
  2 frilled lizards (D:1)
  10 kobolds
  3 rats (D:1)
39 creatures vanquished.

Notes
Turn   | Place    | Note
-------+----------+-------------------------------------------
     0 | D:1      | nicksoapdish the Octopode Monk began the quest for the Orb.
     0 | D:1      | Reached XP level 1. HP: 16/16 MP: 1/1
   120 | D:1      | Reached XP level 2. HP: 21/21 MP: 2/2
   160 | D:1      | Identified a scroll of acquirement
   160 | D:1      | Acquired the +3 buckler of Colaleipt {rF+ Regen+ Int-2}
   209 | D:1      | Found a faded altar of an unknown god.
   237 | D:1      | Became a worshipper of Cheibriados the Contemplative
   237 | D:1      | Reached * piety under Cheibriados
   237 | D:1      | Reached ** piety under Cheibriados
   341 | D:1      | Reached *** piety under Cheibriados
   356 | D:1      | Reached XP level 3. HP: 26/26 MP: 3/3
   455 | D:1      | Found Naihuvvi's Antique Armour Emporium.
   709 | D:2      | Noticed Natasha
   730 | D:2      | Killed Natasha
   731 | D:2      | Reached XP level 4. HP: 26/31 MP: 4/4
   795 | D:2      | Found a runed translucent door.
   796 | D:2      | Noticed Crazy Yiuf
   801 | D:2      | Slain by Crazy Yiuf

Illustrated notes

Levels and vault maps discovered:
D:1:      minmay_arrival_glassed_features, layout_rooms,
          dreamdust_ecumenical_altar_statues, serial_shops,
          nicolae_shop_behind_doors
D:2:      layout_loops_ring, chequers_decorated_corner, uniq_jessica,
          uniq_crazy_yiuf_cottage, uniq_sigmund, uniq_natasha

Skill      XL: |  1  2 |
---------------+-------+-----
Stealth        | 3 |  3.6
Fighting       | |  3.4
Dodging        | |  3.5
Shields        | |  0.1
Unarmed Combat | |  3.8

Action                   |  1- 3 |  4- 6 || total
-------------------------+-------+-------++-------
Melee: Unarmed           |    67 |     6 ||    73
       Constrict         |    21 |     2 ||    23
       Tentacles         |    13 |     2 ||    15
       Punch             |     2 |     1 ||     3
  Use: Scroll            |     4 |       ||     4
       Potion            |     2 |       ||     2
 Stab: Sleeping          |     7 |     3 ||    10
Armor: Skin              |     8 |       ||     8
Dodge: Dodged            |    42 |     2 ||    44
Block: Buckler           |    16 |       ||    16

Table legend: (Time is in decaauts)
 A = Elapsed time spent in this place.
 B = Non-inter-level travel time spent in this place.
 C = Inter-level travel time spent in this place.
 D = Time resting spent in this place.
 E = Time spent auto-exploring this place.
 F = Levels seen in this place.
 G = Mean time per level.
                   A        B        C        D        E       F      G
               +--------+--------+--------+--------+--------+-----+--------+
         Total |   1102 |   1062 |     40 |     37 |    456 |   2 |  551.0 |
       Dungeon |   1102 |   1062 |     40 |     37 |    456 |   2 |  551.0 |
               +--------+--------+--------+--------+--------+-----+--------+

Top non-repeatable levels by time:
     D:1: 745 daAuts
     D:2: 356 daAuts
